Map: Prion Terraces

Players

WildCatBrown - Winner!

  • Race: Protoss Protoss
  • League: Bronze

UYScuti

  • Race: Terran Terran
  • League: Gold

VOD

Have the link to the VOD?

Description

Time

  • Played on: Jan. 9, 2016, 11:10 a.m.
  • Length: 8:16
Show
View Real Time Build Order
Export as new Build Order

WildCatBrown Protoss - Winner!

Build Orders:  

Get SALT Encoding   

  12  0:01  Probe (Chrono Boost)  
  13  0:11  Probe (Chrono Boost)  
  14  0:20  Pylon  
  14  0:22  Probe (Chrono Boost)  
  15  0:30  Assimilator  
  15  0:39  Probe (Chrono Boost)  
  16  0:46  Gateway  
  16  0:49  Probe (Chrono Boost)  
  17  1:00  Probe (Chrono Boost)  
  18  1:10  Probe (Chrono Boost)  
  19  1:21  Probe (Chrono Boost)  
  19  1:22  Gateway  
  20  1:28  Pylon  
  20  1:31  Probe (Chrono Boost)  
  21  1:40  Cybernetics Core  
  21  1:42  Probe (Chrono Boost)  
  22  1:51  Gateway  
  22  1:52  Probe (Chrono Boost)  
  23  2:03  Probe (Chrono Boost)  
  24  2:18  Probe (Chrono Boost)  
  25  2:25  Nexus  
  24  2:31  Pylon  
  24  2:37  Mothership Core (Chrono Boost)  
  24  2:41  Adept  
  28  2:48  Warp Gate, Assimilator  
  27  2:56  Probe (Chrono Boost)  
  28  3:12  Adept x2  
  32  3:15  Probe (Chrono Boost)  
  33  3:27  Pylon  
  33  3:30  Probe (Chrono Boost), Robotics Facility  
  34  3:37  Probe (Chrono Boost)  
  34  3:40  Probe (Chrono Boost)  
  36  3:48  Probe (Chrono Boost)  
  37  3:54  Assimilator  
  37  3:58  Probe (Chrono Boost)  
  37  4:00  Pylon  
  37  4:01  Adept  
  40  4:05  Sentry  
  42  4:16  Probe x2 (Chrono Boost), Twilight Council  
  44  4:26  Probe x2 (Chrono Boost)  
  44  4:27  Observer  
  47  5:03  Warp Prism  
  49  5:12  Gateway, Probe x2 (Chrono Boost)  
  49  5:15  Assimilator  
  49  5:16  Gateway  
  49  5:19  Gateway  
  49  5:21  Resonating Glaives (Chrono Boost)  
  49  5:23  Probe (Chrono Boost), Pylon  
  49  5:27  Pylon  
  48  5:37  Forge  
  48  5:38  Forge  
  48  5:40  Stalker x2  
  52  5:53  Probe (Chrono Boost)  
  52  5:54  Probe (Chrono Boost)  
  54  6:03  Probe, Immortal  
  58  6:04  Probe  
  58  6:09  Stalker  
  58  6:10  Stalker  
  64  6:13  Probe  
  64  6:17  Probe, Protoss Ground Weapons Level 1  
  66  6:21  Protoss Ground Armor Level 1  
  66  6:32  Adept x3  
  72  6:34  Adept  
  70  6:59  Adept x3  
  70  7:00  Adept x3  
  82  7:20  Immortal  
  82  7:39  Stalker x2  
  82  7:53  Stalker x2  
Show
View Real Time Build Order
Export as new Build Order

UYScuti Terran 

Build Orders: Reaper Expand 

Get SALT Encoding   

  12  0:01  SCV  
  13  0:13  SCV  
  14  0:19  Supply Depot  
  14  0:25  SCV  
  15  0:41  SCV  
  16  0:43  Barracks  
  16  0:49  Refinery  
  16  0:53  SCV  
  17  1:05  SCV  
  18  1:17  SCV  
  19  1:33  Orbital Command  
  19  1:35  Reaper  
  19  1:38  Supply Depot  
  20  1:59  SCV  
  20  2:00  Command Center  
  21  2:12  Factory  
  21  2:13  SCV  
  22  2:22  Refinery  
  22  2:31  SCV  
  23  2:39  Barracks Tech Lab  
  23  2:43  SCV  
  24  2:55  SCV  
  24  2:58  Barracks  
  25  2:59  Barracks  
  25  3:07  SCV, Supply Depot  
  25  3:13  Widow Mine  
  25  3:19  SCV, Orbital Command  
  28  3:26  Bunker  
  28  3:31  SCV  
  29  3:35  Stimpack  
  29  3:46  Supply Depot  
  29  3:49  SCV x2  
  31  3:59  Engineering Bay  
  31  4:01  SCV  
  31  4:02  SCV, Supply Depot  
  33  4:11  Starport, Marine  
  33  4:14  Marine  
  35  4:21  Marauder  
  35  4:23  Widow Mine  
  39  4:33  SCV x2, Refinery  
  39  4:34  Refinery  
  41  4:41  Marine x2  
  41  4:42  Marine  
  40  4:59  Marine  
  36  5:13  SCV  
  36  5:14  SCV, Marine  
  37  5:16  Barracks Reactor, Marine  
  37  5:17  Medivac  
  41  5:25  SCV  
  41  5:26  SCV  
  43  5:36  Missile Turret  
  43  5:38  SCV x2, Barracks Tech Lab  
  43  5:41  Marauder  
  47  5:43  Widow Mine  
  47  5:48  Terran Infantry Weapons Level 1  
  49  5:51  SCV  
  49  5:52  SCV  
  51  6:04  SCV  
  51  6:05  SCV  
  53  6:21  Barracks  
  53  6:23  SCV  
  53  6:24  SCV, Engineering Bay  
  53  6:25  Marauder, Barracks, Marine  
  60  6:26  Marauder  
  60  6:28  Widow Mine, Starport Reactor  
  62  6:35  SCV  
  62  6:36  SCV, Marine  
  65  6:43  Marine  
  66  6:49  SCV x2  
  66  6:57  Marine x3  
  65  7:01  SCV x2  
  62  7:11  Widow Mine, Medivac x2  
  62  7:14  Marine  
  62  7:15  Marine x2  
  68  7:16  Marine  
Tags
 
Add a new tag
Caveats
  • Supply blocks, unpowered buildings, or Contaminate may cause inaccurate times.
  • Supply counts are checked every 10 seconds.